 Dungeon Crawl Stone Soup version 0.21.1-1-g345015fe64 (webtiles) character file.

31 Redear the Changer (level 3, 0/17 HPs)
             Began as a Vine Stalker Transmuter on Mar 9, 2018.
             Succumbed to a worker ant's poison
             ... on level 1 of the Dungeon.
             The game lasted 00:04:44 (1112 turns).

Redear the Changer (Vine Stalker Transmuter)        Turns: 1112, Time: 00:04:45

Health: 0/17       AC:  5    Str: 12    XL:     3   Next: 22%
Magic:  4/7        EV: 11    Int: 13    God:
Gold:   22         SH:  0    Dex: 15    Spells: 5/6 levels left

rFire    . . .     SeeInvis .     - Unarmed
rCold    . . .     Gourm    .   (no shield)
rNeg     . . .     Faith    .   g - +0 ring mail
rPois    .         Spirit   +   (no helmet)
rElec    .         Reflect  .   (no cloak)
rCorr    .         Harm     .   (no gloves)
MR       .....                  (boots currently unavailable)
Stlth    +.........             (no amulet)
HPRegen  0.05/turn              (no ring)
MPRegen  0.10/turn              (no ring)

@: lethally poisoned (0 -> -12), appendage (expiring)
A: fangs 2, talons 3, magic shield, antimagic bite, no potion heal 3, rot
immunity
a: End Transformation


You were on level 1 of the Dungeon.
You were hungry.
You had grown temporary talons.
You visited 1 branch of the dungeon, and saw 2 of its levels.

You collected 22 gold pieces.

Inventory:

Missiles
 a - 12 arrows
Armour
 b - a +0 robe
 g - a +0 ring mail (worn)
Jewellery
 h - an uncursed ring of flight {unknown}
Scrolls
 f - a scroll of identify {unknown}
Potions
 e - a potion of flight {unknown}
Books
 c - a book of Changes

   Spells                             Type                      Level
   a - Beastly Appendage              Transmutation                1
   b - Sticks to Snakes               Transmutation                2
   c - Spider Form                    Transmutation/Poison         3
   d - Ice Form                       Ice/Transmutation            4
   e - Blade Hands                    Transmutation                5
Comestibles
 d - 2 rations


   Skills:
 - Level 0.8 Fighting
 - Level 1.8 Dodging
 - Level 3.1 Unarmed Combat
 - Level 2.3 Spellcasting
 + Level 3.2 Transmutations


You had 5 spell levels left.
You knew the following spells:

 Your Spells              Type           Power        Failure   Level  Hunger
a - Beastly Appendage     Tmut           #.....       16%         1    #......


Dungeon Overview and Level Annotations

Branches:
Dungeon (2/15)

Altars:


Innate Abilities, Weirdness & Mutations

You have extremely sharp teeth.
When hurt, damage is shared between your health and your magic reserves.
Your bite disrupts and absorbs the magic of your enemies.
Potions cannot restore your health.
You are immune to rotting.
You have claws for feet.


Message History

* * * LOW HITPOINT WARNING * * *
You feel sick. The worker ant barely misses you.
* * * LOW HITPOINT WARNING * * *
You feel sick. The worker ant barely misses you.
* * * LOW HITPOINT WARNING * * *
You feel sick. The worker ant completely misses you.
There is a stone staircase leading up here.
You can't go down here!
* * * LOW HITPOINT WARNING * * *
You feel sick.
The worker ant bites you but does no damage.
You climb upwards.
* * * LOW HITPOINT WARNING * * *
You feel sick.
There is a stone staircase leading down here.
You hit the worker ant. Your kick misses the worker ant.
Your punch misses the worker ant. Your bite misses the worker ant.
The worker ant is severely wounded.
Your transformation is almost over.
You die...

.### ##..................#
...# ##............)......#
#..####
#...................##
#.....#
#..................##
.....## #..........#..######
..#### #..........#..# ..#
#####..........#..#####
.#####.....>...............#
..##...###......@a.........#
#....### #.................#
#.#### #...............[.#
...### #.................#
.#...# #.................#
##...### #.................#
###....###............######
#.##.....#......#.#.#
#.................#.#


You could see a worker ant.

Vanquished Creatures
  A dart slug (D:1)
  4 leopard geckos (D:1)
  A ball python (D:1)
  A giant cockroach (D:1)
  4 hobgoblins (D:1)
  2 jackals (D:1)
  2 bats (D:1)
  2 frilled lizards (D:1)
  A goblin (D:1)
  4 kobolds (D:1)
  A rat (D:1)
23 creatures vanquished.

Notes
Turn   | Place    | Note
-------+----------+-------------------------------------------
     0 | D:1      | Redear the Vine Stalker Transmuter began the quest for the Orb.
     0 | D:1      | Reached XP level 1. HP: 9/9 MP: 4/4
   246 | D:1      | Reached XP level 2. HP: 14/14 MP: 4/6
   628 | D:1      | Reached XP level 3. HP: 9/17 MP: 3/7
  1112 | D:1      | Succumbed to a worker ant's poison

Skill      XL: |  1  2  3 |
---------------+----------+-----
Transmutations | 3 |  3.2
Fighting       | |  0.8
Dodging        | |  1.8
Unarmed Combat | |  3.1
Spellcasting   | |  2.3

Action                   || total
-------------------------++-------
Melee: Unarmed           ||    60
       Bite              ||     8
       Kick              ||     9
       Punch             ||     1
       Headbutt          ||     1
 Cast: Beastly Appendage ||    13
Armor: Robe              ||    13
       Ring mail         ||     3
Dodge: Dodged            ||    58
